[Event "Titled Tuesday Blitz November 29 Late 2022"]
[White "Kim, Sergey"]
[Black "Maksimovic, Bojan"]
[WhiteFideId "13700570"]
[BlackFideId "14408120"]
[WhiteElo "2618"]
[BlackElo "2447"]
[Result "0-1"]
[Round "07"]
[TimeControl "180+1"]
[Date "2022.11.30"]
[WhiteClock "0:00:05"]
[BlackClock "0:00:05"]

1. d4 Nf6 2. c4 g6 3. Nc3 Bg7 4. e4 d6 5. Nge2 O-O 6. Ng3 h5 7. Be2 e5 8. d5 a5 9. O-O Na6 10. Bg5 Qe8 11. Qd2 Nh7 12. Be3 Bd7 13. Rae1 Qe7 14. Bd3 Nc5 15. Bb1 b6 16. Nge2 Kh8 17. f4 exf4 18. Nxf4 Rae8 19. Nd3 Nxd3 20. Bxd3 Be5 21. Ne2 Qh4 22. g3 Qe7 23. Nd4 Nf6 24. Nf3 Ng4 25. Nxe5 Nxe5 26. Be2 f6 27. b3 Kh7 28. Bd4 Qg7 29. Bd1 Bh3 30. Rf4 Re7 31. Qc3 Rfe8 32. Rh4 Bc8 33. Rf4 g5 34. Rff1 Qg6 35. Bxe5 Rxe5 36. Bc2 Kg7 37. Rf2 Bh3 38. Rfe2 Rh8 39. Qe3 h4 40. Qc3 hxg3 41. Qxg3 Bd7 42. Rf2 Rh3 43. Qg2 Qh6 44. Rf3 Rxf3 45. Qxf3 Re8 46. Rf1 Rh8 47. Qg3 Qh4 48. Qxh4 Rxh4 49. Rf2 Be8 50. Kg2 Bg6 51. Kf3 Rh3+ 52. Ke2 Rh4 53. Ke3 Be8 54. Kd4 Bd7 55. a3 Kg6 56. b4 axb4 57. axb4 f5 58. c5 bxc5+ 59. bxc5 Kf6 60. cxd6 cxd6 61. Ke3 Rh3+ 62. Kd4 Rh4 63. Ke3 f4+ 64. Kd4 Rh8 65. Bd3 Bh3 66. Rb2 Ra8 67. Rb6 Ra4+ 68. Kc3 Ke5 69. Rb8 Ra3+ 70. Kc4 Bd7 71. Rd8 Bb5+ 72. Kxb5 Rxd3 73. Re8+ Kd4 74. Kc6 f3 75. Kxd6 g4 76. Rf8 Kxe4 77. Re8+ Kd4 78. Rf8 Ke3 79. Ke6 f2 80. d6 Ke2 81. d7 f1=Q 82. Rxf1 Kxf1 83. Ke7 Kg2 84. d8=Q Rxd8 85. Kxd8 Kxh2 0-1


[Site "https://www.chess.com"]

[Event "Titled Tuesday Blitz November 29 Late 2022"]
[White "Kleiman, Jake"]
[Black "Szyszylo, Rafal"]
[WhiteFideId "2020041"]
[BlackFideId "1109626"]
[WhiteElo "2614"]
[BlackElo "1981"]
[Result "1-0"]
[Round "07"]
[TimeControl "180+1"]
[Date "2022.11.30"]
[WhiteClock "0:00:15"]
[BlackClock "0:00:01"]

1. Nf3 d6 2. g3 g6 3. Bg2 Bg7 4. O-O Nf6 5. d3 O-O 6. e4 e5 7. a4 Bg4 8. Nbd2 a5 9. h3 Bxf3 10. Nxf3 h6 11. c3 c5 12. Nd2 Nc6 13. Nc4 Rc8 14. f4 Nh5 15. Qf3 exf4 16. gxf4 Nf6 17. Bd2 Nh7 18. Qg3 Ne7 19. f5 d5 20. exd5 Nxf5 21. Rxf5 gxf5 22. Nd6 Qf6 23. Nxc8 Rxc8 24. Rf1 Re8 25. Qf3 Ng5 26. Qxf5 Qxf5 27. Rxf5 Re2 28. Rf2 Re7 29. Kf1 Rd7 30. h4 Nh7 31. Rf5 b6 32. Bf4 Bf8 33. Kf2 Bd6 34. Bxh6 f6 35. Be4 Kf7 36. Rh5 Nf8 37. Be3 Be5 38. Kf3 Ke8 39. d4 1-0


[Site "https://www.chess.com"]

[Event "Titled Tuesday Blitz November 29 Late 2022"]
[White "Koellner, Ruben Gideon"]
[Black "Kowalski, Igor"]
[WhiteFideId "12993093"]
[BlackFideId "1172468"]
[WhiteElo "2303"]
[BlackElo "2317"]
[Result "0-1"]
[Round "07"]
[TimeControl "180+1"]
[Date "2022.11.30"]
[WhiteClock "0:00:07"]
[BlackClock "0:00:19"]

1. d4 Nf6 2. Nf3 g6 3. Nbd2 d5 4. e3 Bg7 5. b4 O-O 6. c4 a5 7. b5 c5 8. dxc5 Nbd7 9. Ba3 Ne4 10. Nxe4 dxe4 11. Nd4 a4 12. Rc1 Re8 13. Be2 e5 14. Nc2 Bf8 15. Qd5 Qa5+ 16. Bb4 Qc7 17. Qxe4 Nxc5 18. Qh4 Be7 19. Qh6 Bf8 20. Qh4 Be7 21. Qh6 Bf8 22. Qg5 Ne6 23. Qg3 Bxb4+ 24. Nxb4 Qa5 25. a3 Nc5 26. O-O Bf5 27. Nd5 Kg7 28. Qh4 Qd8 29. Qxd8 Raxd8 30. Rfd1 Rd6 31. f3 e4 32. f4 Red8 33. Rd4 Nb3 34. Rcd1 Nxd4 35. Rxd4 Be6 36. Rxe4 Bxd5 37. cxd5 Rxd5 38. Rxa4 Rd2 39. Bf3 Rb2 40. Rb4 Rxb4 41. axb4 b6 42. Kf2 Rd2+ 43. Kg3 Rb2 44. Bc6 Rxb4 45. Kf3 f5 46. g4 Kf6 47. h4 fxg4+ 48. Kxg4 h6 49. Kf3 Rb2 50. Kg3 Re2 51. Kf3 Re1 52. Kf2 Rc1 53. Kf3 Rc5 54. Kg3 Ke7 55. Kg4 Kd6 56. e4 Rc1 57. h5 Rg1+ 58. Kf3 gxh5 59. e5+ Ke6 60. Bb7 Rf1+ 61. Ke4 Re1+ 62. Kf3 Rb1 63. Bc8+ Ke7 64. Ba6 Rb3+ 65. Kg2 h4 66. f5 Re3 67. f6+ Kf7 68. Bb7 Rxe5 69. Bc6 Kxf6 70. Kh3 Kg5 71. Bd7 Re3+ 72. Kh2 Kf4 73. Bc6 Rd3 74. Bb7 Ke5 75. Bc6 Kd6 76. Be8 Kc5 0-1


[Site "https://www.chess.com"]

[Event "Titled Tuesday Blitz November 29 Late 2022"]
[White "Korobov, Anton"]
[Black "Albornoz Cabrera, Carlos Daniel"]
[WhiteFideId "14105730"]
[BlackFideId "3518736"]
[WhiteElo "2635"]
[BlackElo "2497"]
[Result "1-0"]
[Round "07"]
[TimeControl "180+1"]
[Date "2022.11.30"]
[WhiteClock "0:00:34"]
[BlackClock "0:00:18"]

1. c4 Nf6 2. Nc3 g6 3. e4 d6 4. d4 Bg7 5. Nf3 Bg4 6. Be2 O-O 7. Be3 Nfd7 8. Rc1 e5 9. d5 a5 10. h3 Bxf3 11. Bxf3 f5 12. h4 f4 13. Bd2 Nc5 14. Qe2 h5 15. g4 fxg3 16. fxg3 Nba6 17. g4 Nb4 18. gxh5 Qf6 19. Rh3 Nbd3+ 20. Kf1 Nxc1 21. Bxc1 gxh5 22. Bg5 Qf7 23. Kg2 Qd7 24. Bxh5 Rf4 25. Rg3 Raf8 26. Bh6 R8f7 27. Bxf7+ Rxf7 28. Qg4 Qxg4 29. Rxg4 Nd3 30. b3 Ne1+ 31. Kg3 Rf3+ 32. Kh2 Rxc3 33. Rxg7+ Kh8 34. Rxc7 b5 35. c5 dxc5 36. d6 Rd3 37. d7 Nf3+ 38. Kg2 Nxh4+ 39. Kf2 1-0


[Site "https://www.chess.com"]

[Event "Titled Tuesday Blitz November 29 Late 2022"]
[White "Kuzmicz, Krystian"]
[Black "Yurovskykh, Oleksandr"]
[WhiteFideId "1119125"]
[BlackFideId "14134020"]
[WhiteElo "2380"]
[BlackElo "2265"]
[Result "1-0"]
[Round "07"]
[TimeControl "180+1"]
[Date "2022.11.30"]
[WhiteClock "0:00:51"]
[BlackClock "0:00:01"]

1. e4 d5 2. exd5 Qxd5 3. Nf3 Bg4 4. Be2 Nc6 5. d4 O-O-O 6. Be3 e5 7. c4 Qa5+ 8. Bd2 Bb4 9. d5 Bxf3 10. Bxf3 Nd4 11. Nc3 Qa6 12. Be2 Nf6 13. a3 Bxc3 14. Bxc3 Rhe8 15. O-O Nxe2+ 16. Qxe2 Rxd5 17. Rac1 Rd6 18. Qe3 Nd7 19. c5 Rg6 20. Rfd1 Qc6 21. g3 Rge6 22. b4 Nf6 23. Ba1 Ng4 24. Qe2 Nxh2 25. Rc3 Rh6 26. Rcd3 Qe6 27. Qxe5 Qxe5 28. Bxe5 Ng4 29. Bxg7 Rh1+ 30. Kxh1 Nxf2+ 31. Kg2 Nxd1 32. Rxd1 c6 33. Kf3 Re6 1-0


[Site "https://www.chess.com"]

[Event "Titled Tuesday Blitz November 29 Late 2022"]
[White "Leebit02"]
[Black "Besedes, Danilo"]
[BlackFideId "946796"]
[WhiteElo "2295"]
[BlackElo "2352"]
[Result "1-0"]
[Round "07"]
[TimeControl "180+1"]
[Date "2022.11.30"]
[WhiteClock "0:01:07"]
[BlackClock "0:01:36"]

1. e4 d6 2. d4 Nf6 3. Nc3 g6 4. f4 Bg7 5. Nf3 O-O 6. Be3 Bg4 7. Qd2 Nc6 8. O-O-O Bxf3 9. gxf3 e5 10. fxe5 dxe5 11. d5 Nd4 12. Bg2 c5 13. Kb1 b5 14. Bg5 b4 15. Ne2 Qa5 16. f4 Nd7 17. Nxd4 cxd4 18. f5 Rfc8 19. Rhf1 Nb6 20. Qf2 Na4 21. Ka1 f6 22. Bc1 Rab8 23. fxg6 hxg6 24. Bh3 Rc3 25. Be6+ Kf8 26. Qh4 Qd8 27. bxc3 bxc3 28. Ba3+ 1-0


[Site "https://www.chess.com"]

[Event "Titled Tuesday Blitz November 29 Late 2022"]
[White "Leitao, Rafael"]
[Black "Abasov, Nijat"]
[WhiteFideId "2101246"]
[BlackFideId "13402960"]
[WhiteElo "2609"]
[BlackElo "2546"]
[Result "0-1"]
[Round "07"]
[TimeControl "180+1"]
[Date "2022.11.30"]
[WhiteClock "0:00:04"]
[BlackClock "0:00:03"]

1. c4 b6 2. Nc3 Bb7 3. d4 e6 4. Nf3 Nf6 5. a3 d5 6. cxd5 Nxd5 7. e3 Be7 8. Bb5+ c6 9. Bd3 O-O 10. e4 Nxc3 11. bxc3 c5 12. O-O Qc7 13. Qe2 Rd8 14. Bb2 Nd7 15. Rad1 Nf8 16. Ne5 Rac8 17. f4 cxd4 18. cxd4 f6 19. Nf3 Qxf4 20. d5 Bc5+ 21. Kh1 exd5 22. e5 d4 23. exf6 Qxf6 24. Ne5 Qe6 25. Rde1 Re8 26. Bf5 Qxe5 27. Qxe5 Rxe5 28. Rxe5 Rd8 29. Bd3 Nd7 30. Rg5 Re8 31. h4 h6 32. Rg3 Ne5 33. Re1 Bc6 34. Bb1 Re7 35. Rd1 Rd7 36. Re1 Re7 37. Rd1 Rd7 38. Re1 d3 39. Bxe5 d2 40. Rd1 Ba4 41. Ba2+ Kh7 42. Rxd2 Re7 43. Re2 Bb5 44. Bb1+ Kg8 45. Ba2+ Kh7 46. Re4 Bc6 47. Reg4 g5 48. hxg5 Rxe5 49. g6+ Kg7 50. Rf4 Rh5+ 0-1


[Site "https://www.chess.com"]

[Event "Titled Tuesday Blitz November 29 Late 2022"]
[White "Lewtak, Damian"]
[Black "Fernandez Guillen, Ernesto J."]
[WhiteFideId "1141724"]
[BlackFideId "3512428"]
[WhiteElo "2329"]
[BlackElo "2450"]
[Result "1-0"]
[Round "07"]
[TimeControl "180+1"]
[Date "2022.11.30"]
[WhiteClock "0:00:29"]
[BlackClock "0:00:08"]

1. e4 e5 2. Nf3 Nc6 3. Bb5 f5 4. d3 fxe4 5. dxe4 Nf6 6. Nc3 Bb4 7. Bxc6 bxc6 8. O-O Bxc3 9. bxc3 d6 10. Nd2 O-O 11. f3 Kh8 12. Nb3 Be6 13. Be3 Qe8 14. Qe2 a5 15. a4 Qg6 16. Rf2 Rfb8 17. c4 c5 18. Bd2 Qf7 19. Nxa5 Ra6 20. Bc3 Rba8 21. Qd2 h6 22. Rff1 Nd7 23. Rfb1 Nb6 24. Qe1 Qg6 25. Qg3 Qxg3 26. hxg3 Rxa5 27. Bxa5 Rxa5 28. Rb5 Ra6 29. a5 Nxc4 30. f4 exf4 31. gxf4 Kh7 32. f5 Bg8 33. Rb7 c6 34. f6 Kh8 35. f7 Bxf7 36. Rxf7 d5 37. exd5 cxd5 38. Rc7 Ne3 39. Rxc5 d4 40. Ra4 Rg6 41. a6 Rxg2+ 42. Kh1 Rd2 43. a7 Rd1+ 44. Kh2 Rd2+ 45. Kg3 Nf1+ 46. Kf3 Nh2+ 47. Ke4 Re2+ 48. Kd3 Re3+ 49. Kxd4 Re8 50. a8=Q Rxa8 51. Rxa8+ Kh7 52. Ra7 Nf3+ 53. Ke3 Ng5 54. Rxg5 hxg5 55. Ra6 1-0


[Site "https://www.chess.com"]

[Event "Titled Tuesday Blitz November 29 Late 2022"]
[White "Liu, Kelsey"]
[Black "Iinuma, Paul Y"]
[WhiteFideId "30944481"]
[BlackFideId "2031809"]
[WhiteElo "2276"]
[BlackElo "2066"]
[Result "1/2-1/2"]
[Round "07"]
[TimeControl "180+1"]
[Date "2022.11.30"]
[WhiteClock "0:00:02"]
[BlackClock "0:00:13"]

1. e4 c5 2. Nf3 e6 3. d3 Nc6 4. g3 d5 5. Nbd2 Bd6 6. Bg2 Nge7 7. O-O O-O 8. Re1 f6 9. Nf1 Qc7 10. h4 b6 11. N1h2 d4 12. h5 e5 13. h6 g6 14. Bd2 b5 15. g4 a5 16. c3 Be6 17. g5 f5 18. exf5 Bxf5 19. Qb3+ Kh8 20. Qxb5 Rab8 21. Qc4 Rxb2 22. cxd4 exd4 23. Bc1 Rb4 24. Qc2 Rbb8 25. Ba3 Nd5 26. Bxc5 Nf4 27. Rac1 Bxc5 28. Qxc5 Nxd3 29. Qxc6 Qxc6 30. Rxc6 Nxe1 31. Nxe1 Rb1 32. Nf3 d3 33. Rd6 Be4 34. Kh2 Rd1 35. Rd4 Re8 36. Kg3 Kg8 37. Rd7 d2 38. Nxd2 Bxg2 39. Nxg2 1/2-1/2


[Site "https://www.chess.com"]

[Event "Titled Tuesday Blitz November 29 Late 2022"]
[White "Manelyuk, Daniil"]
[Black "Wieczorek, Oskar"]
[WhiteFideId "44173920"]
[BlackFideId "1133950"]
[WhiteElo "2209"]
[BlackElo "2404"]
[Result "0-1"]
[Round "07"]
[TimeControl "180+1"]
[Date "2022.11.30"]
[WhiteClock "0:00:06"]
[BlackClock "0:00:20"]

1. e4 c5 2. Nf3 d6 3. d4 cxd4 4. Nxd4 Nf6 5. Nc3 e6 6. f3 a6 7. Be3 b5 8. Qd2 Nbd7 9. Be2 Bb7 10. a3 d5 11. exd5 Nxd5 12. Nxd5 Bxd5 13. O-O Qc7 14. g3 Bd6 15. Nf5 O-O 16. Nxd6 Qxd6 17. c4 bxc4 18. Bxc4 Nf6 19. b4 Qc6 20. Bxd5 Nxd5 21. Rfc1 Qa4 22. Bc5 Rfc8 23. f4 Rd8 24. Qc2 Qd7 25. a4 Qb7 26. Qe4 h5 27. f5 Re8 28. Rd1 exf5 29. Qxd5 Re1+ 30. Kf2 Qxd5 31. Rxd5 Rxa1 32. Rxf5 Ra2+ 33. Kf3 Rxa4 34. Rxh5 Ra3+ 35. Kg2 Rc3 36. Rd5 Rc4 37. h4 f6 38. Kh3 Kh7 39. Be7 Re8 40. Rd7 Kg8 41. Ra7 Re4 42. Bc5 R8e6 43. h5 Rc4 44. Ra8+ Kh7 45. Ra7 Re5 46. g4 Rc3+ 47. Kh4 Re2 48. Bd6 Rd2 49. Bf4 Rd4 50. Bh2 Rcc4 51. Kh3 Rxg4 52. Rxa6 Rxb4 53. Bg3 f5 54. h6 Rb3 55. hxg7 Rbxg3+ 56. Kh2 Rxg7 57. Kh1 R3g6 58. Kh2 Rxa6 59. Kh1 Ra8 0-1


[Site "https://www.chess.com"]

[Event "Titled Tuesday Blitz November 29 Late 2022"]
[White "Marin Ramirez, Gerardo"]
[Black "Novikova, Galina"]
[WhiteFideId "3901068"]
[BlackFideId "4157095"]
[WhiteElo "2041"]
[BlackElo "1973"]
[Result "0-1"]
[Round "07"]
[TimeControl "180+1"]
[Date "2022.11.30"]
[WhiteClock "0:00:01"]
[BlackClock "0:01:48"]

1. d4 e6 2. Nf3 d5 3. c4 c6 4. g3 Nf6 5. Bg2 Be7 6. Qc2 O-O 7. O-O b6 8. Bf4 Bb7 9. Rd1 Nbd7 10. Ne5 Qc8 11. Nd2 c5 12. Nxd7 Qxd7 13. dxc5 bxc5 14. cxd5 exd5 15. Nc4 Qe6 16. Na5 Ba6 17. Rd2 Rac8 18. Rad1 d4 19. b3 Nd5 20. Bxd5 Qxd5 21. Nc4 Bb7 22. e4 Qh5 23. Re2 Qh3 24. f3 Qh5 25. Ne5 Bd6 26. Nd3 Bxf4 27. Nxf4 Qxf3 28. Rf1 Qg4 0-1


[Site "https://www.chess.com"]

[Event "Titled Tuesday Blitz November 29 Late 2022"]
[White "Melaugh, Shane"]
[Black "Hardaway, Brewington"]
[WhiteFideId "2509580"]
[BlackFideId "30941849"]
[WhiteElo "2025"]
[BlackElo "2159"]
[Result "0-1"]
[Round "07"]
[TimeControl "180+1"]
[Date "2022.11.30"]
[WhiteClock "0:02:29"]
[BlackClock "0:01:42"]

1. e4 e5 2. Nf3 Nc6 3. d4 exd4 4. Bc4 Nf6 5. Ng5 Ne5 6. Qxd4 Nxc4 7. Qxc4 Qe7 8. O-O h6 9. e5 hxg5 10. exf6 Qxf6 11. Qxc7 Bd6 12. Re1+ Kf8 13. Qa5 b6 14. Qxg5 Bxh2+ 15. Kf1 Ba6+ 0-1


[Site "https://www.chess.com"]

[Event "Titled Tuesday Blitz November 29 Late 2022"]
[White "Melian, Juan Sebastian"]
[Black "Ankerst, Mihael"]
[WhiteFideId "3706575"]
[BlackFideId "14602369"]
[WhiteElo "2044"]
[BlackElo "2321"]
[Result "1-0"]
[Round "07"]
[TimeControl "180+1"]
[Date "2022.11.30"]
[WhiteClock "0:00:16"]
[BlackClock "0:00:18"]

1. c4 Nf6 2. Nc3 g6 3. d4 Bg7 4. e4 d6 5. f3 O-O 6. Be3 c5 7. Nge2 Nc6 8. Qd2 Qa5 9. Rd1 e6 10. Nb5 Qxa2 11. Nec3 Qa5 12. dxc5 dxc5 13. Bxc5 Rd8 14. Qxd8+ Nxd8 15. b4 Nd7 16. bxa5 a6 17. Nc7 Bxc3+ 18. Ke2 Rb8 19. Ba7 Nc6 20. Bxb8 Ndxb8 21. Ne8 Be5 22. Nd6 Bxd6 23. Rxd6 Kf8 24. Ke3 Ke7 25. Rd2 Nxa5 26. Be2 Nb3 27. Rb2 Nc5 28. Rhb1 Nc6 29. Rd2 g5 30. g3 h6 31. f4 Bd7 32. Rdb2 Bc8 33. Bf3 Na4 34. Rc2 Nc5 35. e5 Na5 36. Kd4 Nab3+ 37. Kc3 Na5 38. Rb4 Bd7 39. Rcb2 Bc6 40. Bxc6 Nxc6 41. Rxb7+ Nxb7 42. Rxb7+ Kf8 43. Rb6 Ne7 44. Rxa6 gxf4 45. gxf4 Ng6 46. c5 Ke8 47. c6 Kd8 48. Kd4 Nxf4 49. Kc5 Nd5 50. Kd6 Nc7 51. Rb6 Ne8+ 52. Kc5 Kc8 53. Rb7 Nc7 54. Kd6 Ne8+ 55. Ke7 Nc7 56. Kxf7 Nd5 57. Kxe6 Nf4+ 58. Kf7 Nd3 59. e6 Ne5+ 60. Kf8 Nxc6 61. e7 Nxe7 62. Rxe7 Kd8 63. Rh7 Kc8 64. Rxh6 Kd8 65. Rh7 Kc8 66. Re7 Kd8 67. Kf7 Kc8 68. Ke6 Kd8 69. Kd6 Kc8 70. Kc6 Kb8 71. Rd7 Kc8 72. Rd5 Kb8 73. Kb6 Kc8 74. Rd4 Kb8 75. Rd8# 1-0


[Site "https://www.chess.com"]

[Event "Titled Tuesday Blitz November 29 Late 2022"]
[White "Miller, Luke C"]
[Black "Janaszak, Dawid"]
[WhiteFideId "2096935"]
[BlackFideId "1119206"]
[WhiteElo "2408"]
[BlackElo "2226"]
[Result "1-0"]
[Round "07"]
[TimeControl "180+1"]
[Date "2022.11.30"]
[WhiteClock "0:00:03"]
[BlackClock "0:00:43"]

1. e4 c5 2. Nf3 e6 3. d4 cxd4 4. Nxd4 a6 5. Bd3 g6 6. f4 Bg7 7. Nb3 d5 8. exd5 Qxd5 9. O-O Nf6 10. Nc3 Qc6 11. Be3 O-O 12. Qe2 b6 13. Rad1 Bb7 14. a4 Nbd7 15. Bd4 Rac8 16. Bxa6 Bxa6 17. Qxa6 Ra8 18. Qe2 Nc5 19. Nxc5 bxc5 20. Be5 Rfe8 21. b3 h5 22. Nb5 Red8 23. c4 Ne8 24. Rxd8 Rxd8 25. Rd1 Rxd1+ 26. Qxd1 Bxe5 27. fxe5 Qe4 28. h3 Qxe5 29. a5 Nf6 30. a6 Qe3+ 31. Kh1 Ne4 32. Qf3 Qe1+ 33. Kh2 Nf2 34. a7 h4 35. a8=Q+ Kg7 36. g3 hxg3+ 37. Qxg3 Ne4 38. Qg2 Qe3 39. Qaxe4 Qh6 40. Qef3 Kh7 41. Qgf2 Qf8 42. Qxf7+ 1-0


[Site "https://www.chess.com"]

[Event "Titled Tuesday Blitz November 29 Late 2022"]
[White "Milosevic, Milos"]
[Black "Pace, Christopher"]
[WhiteFideId "964875"]
[BlackFideId "2610167"]
[WhiteElo "2321"]
[BlackElo "2325"]
[Result "1-0"]
[Round "07"]
[TimeControl "180+1"]
[Date "2022.11.30"]
[WhiteClock "0:00:10"]
[BlackClock "0:00:06"]

1. e4 e5 2. Nf3 Nc6 3. d4 exd4 4. Bc4 Nf6 5. e5 d5 6. Bb5 Ne4 7. Nxd4 Bd7 8. Bxc6 bxc6 9. O-O Bc5 10. f3 Ng5 11. f4 Ne4 12. Be3 Bb6 13. Nd2 Nxd2 14. Qxd2 c5 15. Nf3 d4 16. Bf2 Bc6 17. Bh4 Qd7 18. Rad1 O-O 19. h3 Rae8 20. c4 Qf5 21. g4 Qe6 22. b3 Bxf3 23. Rxf3 Qc6 24. Rdf1 f5 25. Qf2 Re6 26. Bg3 Ba5 27. Rd3 Bb4 28. Qe2 g6 29. gxf5 Rxf5 30. Be1 Bxe1 31. Qxe1 g5 32. Rg3 h6 33. Qb1 Rf7 34. h4 Kf8 35. hxg5 hxg5 36. Rxg5 Rh6 37. Rg2 Rg7 38. Qf5+ Kg8 39. Rxg7+ Kxg7 40. Kf2 Rh2+ 41. Ke1 Qg2 42. Qf6+ Kh7 43. Qf5+ Kg7 44. Qg5+ Qxg5 45. fxg5 Rg2 46. Rf6 Rxa2 47. Rc6 Rg2 48. Rxc7+ Kg6 49. Rxc5 Kf5 50. Ra5 Ke4 51. e6 Ke3 52. Re5+ Kf4 53. e7 1-0


[Site "https://www.chess.com"]

[Event "Titled Tuesday Blitz November 29 Late 2022"]
[White "Mladenovic, Stefan"]
[Black "Radjabov, Teimour"]
[WhiteFideId "942227"]
[BlackFideId "13400924"]
[WhiteElo "2337"]
[BlackElo "2709"]
[Result "0-1"]
[Round "07"]
[TimeControl "180+1"]
[Date "2022.11.30"]
[WhiteClock "0:00:05"]
[BlackClock "0:01:14"]

1. d4 d5 2. c4 e6 3. Nc3 Nf6 4. Bg5 Be7 5. e3 Nbd7 6. Nf3 O-O 7. cxd5 Nxd5 8. Bxe7 Nxe7 9. Bd3 c5 10. O-O b6 11. Ne4 cxd4 12. Nxd4 Ne5 13. Bc2 Bb7 14. Qe2 Rc8 15. Rfd1 Qc7 16. Ng3 Rfd8 17. Rac1 Qb8 18. Qh5 N7g6 19. f4 Nc4 20. f5 exf5 21. Ndxf5 Qe5 22. Bb3 Qxb2 23. Rxd8+ Rxd8 24. Rc2 Qa1+ 25. Kf2 Nce5 26. Nh6+ gxh6 27. Nf5 Nd3+ 28. Kg3 Qe5+ 29. Kh3 Ndf4+ 30. exf4 Nxf4+ 31. Kg4 Nxh5 32. Nxh6+ Kg7 33. Nxf7 Rd4+ 34. Kh3 Qf5+ 35. g4 Qxg4# 0-1


[Site "https://www.chess.com"]

[Event "Titled Tuesday Blitz November 29 Late 2022"]
[White "Nakamura, Hikaru"]
[Black "Corrales Jimenez, Fidel"]
[WhiteFideId "2016192"]
[BlackFideId "3506690"]
[WhiteElo "2909"]
[BlackElo "2541"]
[Result "1-0"]
[Round "07"]
[TimeControl "180+1"]
[Date "2022.11.30"]
[WhiteClock "0:00:13"]
[BlackClock "0:00:06"]

1. Nf3 Nf6 2. g3 g6 3. d3 Bg7 4. e4 O-O 5. Bg2 c5 6. O-O d6 7. Nbd2 Nc6 8. Re1 Rb8 9. Nf1 b5 10. Ne3 a5 11. h3 b4 12. Rb1 a4 13. b3 a3 14. Bd2 Na7 15. c4 bxc3 16. Bxc3 Nb5 17. Ba1 e5 18. Nd2 Ne8 19. Ndc4 Nec7 20. Qc1 Ra8 21. Nc2 Ne6 22. N4xa3 Nxa3 23. Nxa3 Nd4 24. Bxd4 exd4 25. Re2 Rb8 26. Nc4 Be6 27. f4 Rb4 28. Qc2 g5 29. Rf1 gxf4 30. gxf4 Kh8 31. Qd2 Bxc4 32. bxc4 Rg8 33. Kh2 Qh4 34. Qe1 Qh6 35. e5 dxe5 36. fxe5 Qg5 37. Bd5 Bxe5+ 38. Rxe5 Rb2+ 39. Kh1 Qh6 40. Rf3 Rc2 41. Bxf7 Qg7 42. Rg3 Qxg3 43. Qxg3 Rxg3 44. Re8+ Kg7 45. Rg8+ Kxf7 46. Rxg3 Kf6 47. Rg2 Rc3 48. Rd2 Ke5 49. Kg2 Kf4 50. Kf2 Rc1 51. Re2 Ra1 52. Re4+ Kf5 53. Rh4 Rxa2+ 54. Ke1 Rh2 55. Rxh7 Kf4 56. Re7 Kf3 57. Re5 Kf4 58. Re4+ Kf3 59. h4 Kg3 60. Re5 Kf3 61. h5 Kf4 62. Rxc5 Ke3 63. Re5+ Kxd3 64. c5 Kc2 65. c6 Rh1+ 66. Kf2 Kb3 67. Rc5 Kb4 68. c7 Rh2+ 69. Kg3 1-0


[Site "https://www.chess.com"]

[Event "Titled Tuesday Blitz November 29 Late 2022"]
[White "Nasuta, Grzegorz"]
[Black "Domingo Nunez, Ruben"]
[WhiteFideId "1141686"]
[BlackFideId "22245570"]
[WhiteElo "2440"]
[BlackElo "2406"]
[Result "1-0"]
[Round "07"]
[TimeControl "180+1"]
[Date "2022.11.30"]
[WhiteClock "0:00:18"]
[BlackClock "0:00:16"]

1. e4 g6 2. d4 Bg7 3. Nf3 c6 4. Bd3 d5 5. e5 f6 6. Bf4 Bg4 7. Nbd2 fxe5 8. dxe5 Nd7 9. h3 Bxf3 10. Nxf3 Qc7 11. Qe2 Nh6 12. O-O O-O 13. Bh2 e6 14. Rae1 Rae8 15. Ng5 Nf5 16. c3 Nh4 17. Nxh7 Nf3+ 18. gxf3 Kxh7 19. f4 Rg8 20. Kh1 Nc5 21. Bb1 Qf7 22. Rg1 Bh6 23. Rg4 Rg7 24. Reg1 Reg8 25. Rh4 Ne4 26. f3 Nc5 27. Qf2 Qe7 28. Qg3 Nd7 29. Qg5 Qxg5 30. fxg5 Rf7 31. Rxh6+ Kg7 32. Rxg6+ 1-0


[Site "https://www.chess.com"]

[Event "Titled Tuesday Blitz November 29 Late 2022"]
[White "Nepo"]
[Black "Adla, Diego"]
[BlackFideId "100072"]
[WhiteElo "2221"]
[BlackElo "2377"]
[Result "0-1"]
[Round "07"]
[TimeControl "180+1"]
[Date "2022.11.30"]
[WhiteClock "0:00:19"]
[BlackClock "0:01:21"]

1. e4 e5 2. Nf3 Nc6 3. Bb5 a6 4. Ba4 Bc5 5. O-O Qf6 6. c3 Nge7 7. d4 exd4 8. Bg5 Qg6 9. Bxe7 Nxe7 10. cxd4 Ba7 11. Nc3 O-O 12. Bc2 d6 13. e5 Qh5 14. exd6 cxd6 15. h3 Ng6 16. Ne4 Bd7 17. Ng3 Qa5 18. a3 Bc6 19. b4 Qd8 20. d5 Bb5 21. Bd3 Bd7 22. Bf5 Bxf5 23. Nxf5 Qf6 24. Qd3 Rfe8 25. Rfe1 Nf4 26. Qc2 Rac8 27. Rxe8+ Rxe8 28. Ne3 Qxa1+ 0-1


[Site "https://www.chess.com"]

[Event "Titled Tuesday Blitz November 29 Late 2022"]
[White "Nugumanov, Bakhtiyar"]
[Black "Ferreira, Vitor Hugo Vieira"]
[WhiteFideId "13701797"]
[BlackFideId "2119765"]
[WhiteElo "2287"]
[BlackElo "2168"]
[Result "1-0"]
[Round "07"]
[TimeControl "180+1"]
[Date "2022.11.30"]
[WhiteClock "0:00:53"]
[BlackClock "0:01:38"]

1. d4 d5 2. c4 c6 3. Nc3 Nf6 4. cxd5 cxd5 5. Bf4 e6 6. e3 Bd6 7. Nf3 Bxf4 8. exf4 O-O 9. Bd3 b6 10. Qe2 Bb7 11. O-O Nc6 12. Rad1 Nb4 13. Bb1 Ba6 14. Nb5 Ne4 15. Ne5 Nd6 16. a4 Qe8 17. Bxh7+ Kxh7 18. Qh5+ Kg8 19. Nxd6 Qe7 20. Ndxf7 Qxf7 21. Nxf7 Bxf1 22. Nh6+ gxh6 23. Qg6+ Kh8 24. Qxh6+ Kg8 25. Qxe6+ Rf7 26. Rxf1 Rc8 27. Qxc8+ 1-0


[Site "https://www.chess.com"]

[Event "Titled Tuesday Blitz November 29 Late 2022"]
[White "Olafsson, Helgi"]
[Black "Ilkhomi, Jaloliddin"]
[WhiteFideId "2300010"]
[BlackFideId "14700948"]
[WhiteElo "2463"]
[BlackElo "2045"]
[Result "1-0"]
[Round "07"]
[TimeControl "180+1"]
[Date "2022.11.30"]
[WhiteClock "0:00:07"]
[BlackClock "0:00:04"]

1. c4 Nf6 2. Nc3 e6 3. Nf3 d5 4. d4 c6 5. e3 Nbd7 6. Qc2 Bd6 7. Be2 Qe7 8. O-O O-O 9. e4 dxe4 10. Nxe4 Nxe4 11. Qxe4 e5 12. dxe5 Nxe5 13. Be3 f5 14. Qc2 Nxf3+ 15. Bxf3 Be6 16. Rfe1 Qf7 17. b3 Rfe8 18. Rad1 Bb4 19. Bd2 Bxd2 20. Qxd2 Re7 21. Qa5 a6 22. Rd6 Rae8 23. Rd8 h6 24. h4 Qf6 25. h5 Bf7 26. Rxe8+ Bxe8 27. Rxe7 Qxe7 28. Qxf5 Bd7 29. Qe4 Qf6 30. Qe2 Bf5 31. g3 a5 32. Kg2 Kh7 33. Qe3 Qf7 34. Qc3 a4 35. bxa4 Kh8 36. a3 Kh7 37. c5 Kh8 38. a5 Kh7 39. a6 bxa6 40. Bxc6 Qxh5 41. Bf3 Bh3+ 42. Kg1 Qe8 43. c6 Bc8 44. c7 Qd7 45. Bg2 Kh8 46. Bf1 Qd6 47. Bd3 Qd7 48. Qc4 Qe7 49. Qe4 Qd7 50. Qh7# 1-0


[Site "https://www.chess.com"]

[Event "Titled Tuesday Blitz November 29 Late 2022"]
[White "Papasimakopoulos, Alexandros"]
[Black "Han, Yichen"]
[WhiteFideId "4244125"]
[BlackFideId "1054430"]
[WhiteElo "2365"]
[BlackElo "2323"]
[Result "1-0"]
[Round "07"]
[TimeControl "180+1"]
[Date "2022.11.30"]
[WhiteClock "0:00:21"]
[BlackClock "0:00:02"]

1. d4 d5 2. c4 e6 3. Nc3 c5 4. cxd5 cxd4 5. Qa4+ Bd7 6. Qxd4 exd5 7. Qxd5 Nf6 8. Qd1 Bc5 9. Nf3 Qe7 10. e3 O-O 11. Be2 Rd8 12. Bd2 a6 13. O-O b5 14. a3 Nc6 15. b4 Bd6 16. Qb3 Ne5 17. Rfd1 Bc6 18. Nd4 Bb7 19. Nf5 Qc7 20. Nxd6 Rxd6 21. Rac1 Qc6 22. f3 Qd7 23. Be1 Rxd1 24. Rxd1 Qe7 25. e4 Rc8 26. Bf2 Ng6 27. Bf1 Qe5 28. Bg3 Qxc3 29. Rd8+ Nf8 30. Qxc3 Rxc3 31. Rb8 Bc8 32. Bd6 N8d7 33. Ra8 g6 34. a4 Nb6 35. Be5 Rc6 36. axb5 axb5 37. Ra1 Nfd7 38. Bd4 Nc4 39. h4 f6 40. h5 Kf7 41. Ra7 gxh5 42. Kf2 Kg6 43. Bd3 Nde5 44. Be2 Nd6 45. Bc5 Ndc4 46. Bf8 Nf7 47. f4 f5 48. e5 Be6 49. Ra1 Rc8 50. Bc5 Bd5 51. Rh1 Nh6 52. Bxh5+ Kg7 53. Be7 Ng4+ 54. Kg3 Nge3 55. Bf6+ Kg8 56. Ra1 Rc7 57. e6 Nb6 58. e7 Bf7 59. e8=Q+ Bxe8 60. Bxe8 Ned5 61. Be5 Rc2 62. Bxb5 Kf7 63. Bd3 Rc8 64. Bxf5 Nxb4 65. Ra7+ Kg8 66. Bxc8 1-0


[Site "https://www.chess.com"]